 Dungeon Crawl Stone Soup version 0.20.0-15-g7f486f2 (webtiles) character file.

4785 robba the Cleaver (level 10, 0/77 HPs)
             Began as a Human Berserker on June 26, 2017.
             Was an Elder of Trog.
             Slain by a troll (3 damage)
             ... on level 1 of the Orcish Mines.
             The game lasted 01:04:52 (8692 turns).

robba the Cleaver (Human Berserker)                 Turns: 8692, Time: 01:04:53

Health: 0/77       AC: 22    Str: 19    XL:     10   Next: 76%
Magic:  10/10      EV: 10    Int:  8    God:    Trog [****..]
Gold:   490        SH:  2    Dex: 14    Spells: 9/9 levels left

rFire    + . .     SeeInvis .   R - +0 battleaxe
rCold    + . .     Gourm    .   (shield currently unavailable)
rNeg     . . .     Faith    .   f - +1 plate armour
rPois    .         Spirit   .   (no helmet)
rElec    .         Reflect  +   N - scarf {rC+ rF+}
rCorr    .         Harm     .   D - +0 pair of gloves
MR       ++...                  E - +0 pair of boots
Stlth    ..........             M - +2 amulet of reflection
Regen    1.3/turn               n - +3 ring of evasion
MPRegen  0.2/turn               x - +5 ring of protection

@: lethally poisoned (0 -> 0), berserk cooldown, regenerating, slowed, very slow
A: no striking features
a: Berserk, Trog's Hand, Brothers in Arms, Burn Spellbooks, Renounce Religion


You were on level 1 of the Orcish Mines.
You worshipped Trog.
Trog was greatly pleased with you.
You were very hungry.

You visited 3 branches of the dungeon, and saw 11 of its levels.

You collected 490 gold pieces.

Inventory:

Hand Weapons
 p - a +4 hand axe of chopping
 L - a +1 short sword of flaming
 R - a +0 battleaxe (weapon)
 V - a +0 dagger of draining
Missiles
 b - 306 stones
 u - 7 javelins (quivered)
 z - 24 poisoned needles
Armour
 f - a +1 plate armour (worn)
 D - a +0 pair of gloves (worn)
 E - a +0 pair of boots (worn)
 N - a scarf of resistance (worn)
Jewellery
 d - an uncursed ring of see invisible
 k - an uncursed ring of positive energy
 n - a +3 ring of evasion (left hand)
 t - an uncursed amulet of rage
 x - a +5 ring of protection (right hand)
 y - a +3 ring of strength
 B - an uncursed ring of poison resistance
 M - a +2 amulet of reflection (around neck)
 S - an uncursed ring of flight {unknown}
Wands
 j - a wand of flame (13/48)
 s - a wand of flame (44/48)
 v - a wand of random effects (27/48)
 F - a wand of confusion (13/48)
 I - a wand of iceblast (5/15)
 P - a wand of polymorph (8/24)
 Q - a wand of lightning (5/15)
 T - a wand of confusion (8/48)
Scrolls
 g - 3 scrolls of teleportation
 l - 6 scrolls of remove curse
 r - 3 scrolls of identify
 A - a scroll of immolation
 H - a scroll of enchant weapon
 J - a scroll of fog
 K - a scroll of amnesia {unknown}
Potions
 a - 2 potions of curing
 e - a potion of haste
 h - a potion of ambrosia {unknown}
 i - 2 potions of brilliance
 o - a potion of might
 C - a potion of mutation {unknown}
 G - a potion of heal wounds {unknown}
Comestibles
 c - 9 bread rations
 m - 3 meat rations
 w - 2 fruits
 O - 2 royal jellies


   Skills:
 + Level 6.9 Fighting
 + Level 10.7(10.9) Axes
   Level 3.7(7.8) Maces & Flails
 + Level 1.2 Throwing
 + Level 7.8 Armour
 + Level 2.8 Dodging
 + Level 1.3 Stealth
 + Level 0.2 Evocations


You had 9 spell levels left.
You didn't know any spells.

Dungeon Overview and Level Annotations

Branches:
Dungeon (9/15)             Temple (1/1) D:7             Orc (1/2) D:9
   Lair: D:8-11

Altars:
Cheibriados
Elyvilon
Ru
Trog
Yredelemnul
Zin
The Shining One
Beogh

Annotations:
D:4 1 runed door


Message History

* * * LOW HITPOINT WARNING * * *
The orc knight roars a battlecry!
The orc goes into a battle-frenzy!
The orc barely misses you.
The orc priest begins to cast a cantrip, but forgets the words!
Your skin crawls.
You feel resistant to hostile enchantments.
You feel somewhat more hungry. Trog will no longer gift you weapons.
Your surroundings suddenly seem different.
You feel sick.
An orc comes into view. It is wielding a short sword.
The orc shouts!
An orc comes into view. It is wielding a club.
The orc shouts!
A troll comes into view.
The troll shouts!
The orc moves out of view.
The troll bites you but does no damage. The troll claws you.
You die...

##.......
.........
....._..#
........##
.......##
......#
#...#
#T@.#
......#.##
..... .##
...o ..
..o ... ..
.... .
.#..#
.####


You could see a troll, an orc wizard (wandering) and an orc.

Vanquished Creatures
  A two-headed ogre (D:8)
  A hippogriff (D:7)
  A spriggan (D:8)
  A water moccasin (D:7)
  6 orc warriors
  A hornet zombie (D:9)
  2 ice beasts
  2 sky beasts
  2 ogres
  A centaur (D:7)
  A big kobold (D:7)
  2 bullfrogs (D:8)
  A gnoll sergeant (D:7)
  4 scorpions
  4 killer bees (D:7)
  4 wights (D:7)
  4 crimson imps
  5 howler monkeys
  2 bullfrog zombies (D:5)
  A bullfrog skeleton (D:8)
  A centaur skeleton (D:4)
  8 orc priests
  3 hounds
  3 jellies
  6 orc wizards
  2 iguanas (D:7)
  11 worker ants
  A killer bee zombie (D:8)
  A hound zombie (D:5)
  8 adders
  8 gnolls (D:7)
  A shadow imp (D:5)
  An adder skeleton (D:4)
  3 worms
  A dart slug (D:3)
  4 leopard geckos
  31 orcs
  4 giant cockroaches
  5 hobgoblins
  2 quokkas
  4 ball pythons
  4 bats
  2 frilled lizards (D:1)
  7 goblins
  12 kobolds
  A leopard gecko skeleton (D:5)
  8 rats
  A spectral orc (D:3)
189 creatures vanquished.

Notes
Turn   | Place    | Note
-------+----------+-------------------------------------------
     0 | D:1      | robba the Human Berserker began the quest for the Orb.
     0 | D:1      | Reached XP level 1. HP: 18/18 MP: 1/1
    35 | D:1      | Reached XP level 2. HP: 13/24 MP: 2/2
  1047 | D:1      | Reached XP level 3. HP: 29/29 MP: 3/3
  1634 | D:2      | Reached ** piety under Trog
  2129 | D:3      | Reached XP level 4. HP: 35/36 MP: 4/4
  2383 | D:3      | Found a white marble altar of Elyvilon.
  2384 | D:3      | Found a snail-covered altar of Cheibriados.
  2709 | D:3      | Found a basalt altar of Yredelemnul.
  2753 | D:4      | Reached skill level 1 in Axes
  2753 | D:4      | Reached XP level 5. HP: 34/42 MP: 5/5
  2763 | D:4      | Reached skill level 2 in Axes
  2819 | D:4      | Reached skill level 3 in Axes
  2824 | D:4      | Found a glowing drain.
  2880 | D:4      | Found a glowing golden altar of the Shining One.
  2880 | D:4      | Noticed an angel
  2883 | D:4      | Noticed an ogre
  2914 | D:4      | Reached XP level 6. HP: 17/48 MP: 6/6
  3511 | D:4      | Found a runed door.
  3557 | D:4      | Reached skill level 4 in Axes
  3571 | D:4      | Reached XP level 7. HP: 47/54 MP: 7/7
  3625 | D:5      | Entered Level 5 of the Dungeon
  3825 | D:5      | Reached skill level 5 in Axes
  4062 | D:5      | Reached XP level 8. HP: 59/61 MP: 8/8
  4327 | D:5      | Reached *** piety under Trog
  4486 | D:5      | Got an opal-encrusted leather armour
  4520 | D:5      | Reached skill level 6 in Axes
  4887 | D:6      | Reached skill level 5 in Fighting
  5483 | D:7      | Noticed a hippogriff
  5504 | D:7      | Killed a hippogriff
  5504 | D:7      | Reached skill level 7 in Axes
  5536 | D:7      | Reached skill level 5 in Armour
  5559 | D:7      | Reached XP level 9. HP: 52/68 MP: 9/9
  5565 | D:7      | Found a staircase to the Ecumenical Temple.
  5584 | Temple   | Entered the Ecumenical Temple
  6077 | D:7      | Reached skill level 8 in Axes
  6306 | D:7      | Reached **** piety under Trog
  6922 | D:7      | Reached skill level 9 in Axes
  7033 | D:8      | Found a snail-covered altar of Cheibriados.
  7292 | D:8      | Reached skill level 1 in Stealth
  7292 | D:8      | Reached XP level 10. HP: 71/76 MP: 10/10
  7432 | D:8      | Noticed a two-headed ogre
  7446 | D:8      | Killed a two-headed ogre
  7446 | D:8      | Reached skill level 10 in Axes
  7446 | D:8      | Reached skill level 1 in Throwing
  8279 | D:9      | Found a glowing silver altar of Zin.
  8404 | D:9      | Reached ***** piety under Trog
  8652 | D:9      | Found a staircase to the Orcish Mines.
  8665 | Orc:1    | Entered Level 1 of the Orcish Mines
  8678 | Orc:1    | Noticed an orc knight
  8689 | Orc:1    | HP: 3/77 [orc knight/battleaxe (9)]
  8692 | Orc:1    | Found a roughly hewn altar of Beogh.
  8692 | Orc:1    | Slain by a troll

Skill      XL: |  1  2  3  4  5  6  7  8  9 10 |
---------------+-------------------------------+-----
Axes           | 1 3 4 5 7 9 10 | 10.7
Fighting       | 4 5 6 |  6.9
Armour         | 3 4 5 6 7 |  7.8
Stealth        | 1 |  1.3
Throwing       | 1 |  1.2
Maces & Flails | |  3.7
Dodging        | |  2.8
Evocations     | |  0.2

Action                   |  1- 3 |  4- 6 |  7- 9 | 10-12 || total
-------------------------+-------+-------+-------+-------++-------
Melee: Mace              |    53 |       |       |       ||    53
       Hand axe          |    28 |   132 |   165 |       ||   325
       Battleaxe         |       |       |   215 |   143 ||   358
Throw: Stone             |       |     5 |     4 |       ||     9
       Javelin           |       |       |     4 |     4 ||     8
Invok: Burn Spellbooks   |       |       |     2 |       ||     2
       Berserk           |       |       |       |     2 ||     2
       Trog's Hand       |       |       |       |     2 ||     2
Evoke: Wand              |       |       |       |     1 ||     1
  Use: Scroll            |     4 |     4 |     5 |     3 ||    16
       Potion            |       |     3 |     4 |     3 ||    10
  Eat: Chunk             |     4 |     1 |     6 |     1 ||    12
       Meat ration       |       |     1 |     1 |     1 ||     3
Armor: Animal skin       |     3 |       |       |       ||     3
       Plate armour      |    31 |    82 |   245 |    99 ||   457
Dodge: Dodged            |    52 |    63 |   182 |    96 ||   393
Block: Other             |       |       |    24 |    11 ||    35
       Reflection        |       |       |       |     1 ||     1
